 Dungeon Crawl Stone Soup version 0.32-a0-350-g4f4d228785 (webtiles) character file.

Game seed: 3779845425180164524

13374 anacleto the Metamorph (level 11, -3/94 HPs)
             Began as a Troll Shapeshifter on Feb 17, 2024.
             Was a Priest of Qazlal.
             Slain by an orc warlord
             ... wielding a +2 war axe of flaming
              (10 damage)
             ... on level 10 of the Dungeon.
             The game lasted 00:31:31 (11343 turns).

anacleto the Metamorph (Troll Shapeshifter)        Turns: 11343, Time: 00:31:32

Health: -3/94      AC:  8    Str: 33    XL:     11   Next: 74%
Magic:  10/10      EV: 15    Int:  5    God:    Qazlal [***...]
Gold:   410        SH:  8    Dex: 13    Spells: 10/10 levels left

rFire   . .          .
                       - Unarmed
rCold   . . .        (no shield)
rNeg    . . .        L - +0 acid dragon scales
rPois   .            (helmet currently unavailable)
rElec   .            J - melded scarf {rC+ rF+}
rCorr   +            (gloves unavailable)
SInv    .            (boots unavailable)
Will    .....        C - amulet of the acrobat
Stlth   +            a - +5 ring of evasion
HPRegen 1.15/turn    m - +6 ring of strength
MPRegen 0.12/turn

%: acrobat
@: beast-form
A: beast (slay +4), large, unfitting armour, claws 3, regeneration 1, shaggy fur
1, tough skin 1, large bone plates 1, agile 1
a: Begin Untransformation, Renounce Religion, Upheaval, Elemental Force


You were on level 10 of the Dungeon.
You worshipped Qazlal.
Qazlal was most pleased with you.
You were a hulking beast.
You visited 3 branches of the dungeon, and saw 13 of its levels.
You also visited: Sewer.

You collected 1054 gold pieces.
You spent 644 gold pieces at shops.

Inventory:

Missiles
 e - 9 boomerangs
 f - 32 poisoned darts (quivered)
 h - 4 javelins
 x - 3 large rocks
Armour
 J - a scarf of resistance (melded)
 L - +0 acid dragon scales (worn)
Jewellery
 a - a +5 ring of evasion (left claw)
 m - a +6 ring of strength (right claw)
 v - a ring of flight
 y - a +4 ring of protection
 C - an amulet of the acrobat (around neck)
Talismans
 c - a beast talisman (active)
 d - a flux talisman
 r - a talisman of death
Wands
 b - a wand of flame (16)
 A - a wand of quicksilver (5)
 G - a wand of roots (7)
 M - a wand of polymorph (18)
Scrolls
 k - 2 scrolls of teleportation
 n - 2 scrolls of fear
 o - a scroll of enchant armour
 u - a scroll of silence
 F - 2 scrolls of summoning
 H - 3 scrolls of fog
Potions
 g - 6 potions of curing
 j - a potion of might
 l - 2 potions of enlightenment
 p - 2 potions of brilliance
 s - a potion of resistance
 t - 2 potions of heal wounds
 w - a potion of invisibility {unknown}
 D - a potion of cancellation {unknown}
 E - a potion of haste
 K - a potion of magic {unknown}


   Skills:
 - Level 2.3 Fighting
 - Level 2.2 Throwing
 - Level 2.8 Dodging
 - Level 4.1 Unarmed Combat
 + Level 0.0 Invocations
 * Level 16.6 Shapeshifting


You had 10 spell levels left.
You didn't know any spells.
Your spell library contained the following spells:

 Spells                   Type           Power      Damage    Failure   Level
 Call Imp                 Summ           0%         N/A       67%         2
 Lesser Beckoning         Tloc           0%         N/A       67%         2
 Sublimation of Blood     Necr           0%         N/A       67%         2
 Gell's Gravitas          Tloc           0%         N/A       88%         3
 Teleport Other           Tloc           0%         N/A       88%         3
 Tukima's Dance           Hex            0%         N/A       88%         3
 Animate Dead             Necr           0%         N/A       99%         4
 Passage of Golubria      Tloc           0%         N/A       99%         4
 Summon Blazeheart Golem  Fire/Summ      0%         N/A       99%         4
 Vhi's Electric Charge    Tloc/Air       0%         N/A       99%         4
 Alistair's Intoxication  Alch           0%         N/A       100%        5
 Arcjolt                  Conj/Air       0%         1d10      100%        5
 Borgnjor's Vile Clutch   Necr/Erth      0%         N/A       100%        5
 Yara's Violent Unravell  Hex/Alch       0%         3d3       100%        5
 Death Channel            Necr           0%         N/A       100%        6
 Eringya's Noxious Bog    Alch           0%         4d6       100%        6
 Orb of Destruction       Conj           0%         9d5       100%        7
 Spellforged Servitor     Conj/Summ      0%         N/A       100%        7
 Summon Hydra             Summ           0%         N/A       100%        7
 Maxwell's Capacitive Co  Air            0%         ∞         100%        8


Dungeon Overview and Level Annotations

Branches:
Dungeon (11/15)            Temple (1/1) D:7            Lair (0/5) D:9
    Orc (1/2) D:10          Sewer (visited)

Altars:
Ashenzari
Cheibriados
Dithmenos
Elyvilon
Fedhas
Gozag
Hepliaklqana
Kikubaaqudgha
Makhleb
Nemelex Xobeh
Okawaru
Qazlal
Ru
Sif Muna
Trog
Uskayaw
Vehumet
Wu Jian
Xom
Yredelemnul
Zin
The Shining One

Shops:
D:9 *   D:10 :=(:[*


Innate Abilities, Weirdness & Mutations

You are a hulking beast.
Your limbs bulge with bestial killing power. (Slay +4)
You are too large for most types of armour.
You have claws for hands.
Your natural rate of healing is unusually fast.
You are covered in fur. (AC +1)
You have tough skin. (AC +1)
You are partially covered in large bone plates. (SH +4)
You are agile. (Dex +4, Str/Int -1)


Message History

Roots grab the orc warlord.
The grasping roots constrict the orc warlord.
The orc warlord struggles to escape constriction.
The grasping roots constrict the orc warlord.
The orc warlord completely misses you.
You claw the orc warlord!
The orc warlord is moderately wounded.
The grasping roots constrict the orc warlord, but do no damage.
The roots release their grip on the orc warlord.
The orc warlord hits you with a +2 war axe of flaming!
The orc warlord burns you.
You claw the orc warlord!
The orc warlord is heavily wounded.
The orc warlord hits you with a +2 war axe of flaming!
The orc warlord burns you.
You scratch the orc warlord.
The orc warlord is heavily wounded.
You block the orc warlord's attack.
You scratch the orc warlord but do no damage.
The orc warlord is heavily wounded.
The orc warlord hits you with a +2 war axe of flaming!
The orc warlord burns you.
You barely miss the orc warlord. Your claw misses the orc warlord.
The orc warlord is heavily wounded.
The orc warlord hits you but does no damage.
You scratch the orc warlord.
The orc warlord is heavily wounded.
You claw the orc warlord!
The orc warlord is heavily wounded.
The orc warlord barely misses you.
You scratch the orc warlord.
The orc warlord is heavily wounded.
The orc warlord hits you with a +2 war axe of flaming!
The orc warlord burns you.
You mangle the orc warlord!!
The orc warlord is severely wounded.
The orc warlord hits you with a +2 war axe of flaming!!
* * * LOW HITPOINT WARNING * * *
The orc warlord burns you!
You die...

#.......# #.# #.......# #.#
#.......# #####.#
#########.......# #.....#
#...............## ##.###.##
#............)...####...####.
#...............##....ß....##
#..........<....##.........#
#...........h○..##.........#
#............o..##.....)...##
#...............#...........#
#.....................[....[.
#.................ß.!)>[..ß..
#...............#....[[.[.÷.#
#....^..........#..........÷#
#...............##.........##
#...............##.........##


You could see an orc warlord.

Vanquished Creatures
  A centaur warrior (D:9)
  4 two-headed ogres
  Pikel (D:7)
  A cyclops (D:11)
  Joseph (D:10)
  Maggie (D:7)
  2 trolls
  Grinder (D:4)
  Prince Ribbit (D:5)
  2 vampires
  2 shadows
  10 yaks (D:10)
  A wyvern (D:9)
  Eustachio (D:5)
  Grum (D:10)
  2 vampire mosquitoes (D:11)
  3 steam dragons
  Edmund (D:4)
  A two-headed ogre zombie (D:10)
  Menkaure (D:7)
  2 acid dragons (D:8)
  A water moccasin (D:7)
  Pargi (Sewer)
  2 ice beasts
  7 orc warriors
  2 black bears
  2 wolves (D:10)
  An ogre (D:6)
  4 centaurs
  A phantom (D:10)
  3 lemures (D:7)
  2 kobold brigands
  4 bullfrogs
  A brain worm (Sewer)
  Blork the orc (D:6)
  A gnoll sergeant (D:9)
  2 scorpions (D:7)
  17 wights
  4 killer bees (D:9)
  3 troll zombies (D:10)
  5 howler monkeys
  A crimson imp (D:9)
  4 bombardier beetles
  A quasit (D:7)
  A gnoll bouda (D:7)
  4 hounds
  3 orc priests
  3 jellies
  2 sleepcaps
  Natasha (thrice) (D:4)
  6 orc wizards
  4 ogre zombies (D:10)
  6 gnolls
  5 adders
  3 river rats (D:3)
  A shadow imp (D:7)
  4 white imps
  3 ufetubi (D:7)
  4 dart slugs
  16 orcs
  3 endoplasms
  2 giant cockroaches
  A gnoll zombie (D:10)
  6 goblins
  6 hobgoblins
  3 jackals
  5 quokkas
  14 ball pythons
  4 bats
  4 frilled lizards
  3 gnoll skeletons (D:10)
  18 kobolds
  6 orc skeletons (D:10)
  15 orc zombies (D:10)
  5 rats
273 creatures vanquished.

Vanquished Creatures (collateral kills)
  An orc sorcerer (Orc:1)
1 creature vanquished.

Vanquished Creatures (others)
  An ugly thing (D:9)
  A water moccasin (D:9)
  2 kobolds
4 creatures vanquished.

Grand Total: 278 creatures vanquished

Notes
Turn   | Place    | Note
-------+----------+-------------------------------------------
     0 | D:1      | anacleto the Troll Shapeshifter began the quest for the
                  | Orb.
     0 | D:1      | Reached XP level 1. HP: 18/18 MP: 0/0
    61 | D:1      | Reached skill level 1 in Fighting
    62 | D:1      | Reached XP level 2. HP: 21/27 MP: 1/1
   110 | D:1      | Found a faded altar of an unknown god.
   129 | D:1      | Reached XP level 3. HP: 32/33 MP: 2/2
   598 | D:2      | Reached skill level 1 in Throwing
   804 | D:2      | Reached XP level 4. HP: 34/41 MP: 3/3
  1277 | D:2      | Found an ornate altar of the Wu Jian Council.
  1443 | D:3      | Found a glowing drain.
  1464 | D:3      | Reached XP level 5. HP: 47/49 MP: 4/4
  1469 | Sewer    | Entered a sewer
  1487 | Sewer    | Noticed Pargi
  1498 | Sewer    | Killed Pargi
  1499 | Sewer    | Reached skill level 4 in Shapeshifting
  1506 | Sewer    | Reached XP level 6. HP: 57/57 MP: 5/5
  1869 | D:3      | Found an iron altar of Okawaru.
  1966 | D:3      | Noticed an ice beast
  1992 | D:3      | Killed an ice beast
  2375 | D:4      | Noticed Edmund
  2543 | D:4      | Found a hide-covered altar of Uskayaw.
  2574 | D:4      | Noticed Natasha
  2579 | D:4      | Killed Natasha
  2580 | D:4      | Reached skill level 5 in Shapeshifting
  2917 | D:4      | Noticed Natasha
  2928 | D:4      | Killed Natasha
  2929 | D:4      | Reached XP level 7. HP: 55/66 MP: 6/6
  3024 | D:4      | Noticed Grinder
  3054 | D:4      | Paralysed by Grinder for 4 turns
  3060 | D:4      | Killed Grinder
  3061 | D:4      | Reached skill level 6 in Shapeshifting
  3113 | D:4      | Noticed Natasha
  3115 | D:4      | Killed Natasha
  3195 | D:4      | Killed Edmund
  3196 | D:4      | Reached skill level 7 in Shapeshifting
  3486 | D:5      | Entered Level 5 of the Dungeon
  3568 | D:5      | Noticed Prince Ribbit
  3590 | D:5      | Killed Prince Ribbit
  3591 | D:5      | Reached XP level 8. HP: 58/74 MP: 7/7
  3701 | D:5      | Reached skill level 8 in Shapeshifting
  4276 | D:5      | Noticed Eustachio
  4292 | D:5      | Killed Eustachio
  4795 | D:6      | Reached skill level 9 in Shapeshifting
  4859 | D:6      | Noticed Blork the orc
  4875 | D:6      | Killed Blork the orc
  5084 | D:6      | Reached XP level 9. HP: 75/80 MP: 8/8
  5172 | D:6      | Reached skill level 10 in Shapeshifting
  5463 | D:7      | Found a glowing golden altar of the Shining One.
  5476 | D:7      | Noticed Menkaure
  5480 | D:7      | Killed Menkaure
  5490 | D:7      | Noticed Maggie
  5825 | D:7      | Reached skill level 11 in Shapeshifting
  6267 | D:7      | Found a staircase to the Ecumenical Temple.
  6281 | Temple   | Entered the Ecumenical Temple
  6310 | Temple   | Became a worshipper of Qazlal Stormbringer
  6370 | D:7      | Noticed Pikel
  6580 | D:7      | Killed Maggie
  6581 | D:7      | Reached skill level 12 in Shapeshifting
  6691 | D:7      | Killed Pikel
  6692 | D:7      | Reached XP level 10. HP: 75/88 MP: 9/9
  7353 | D:8      | Reached skill level 13 in Shapeshifting
  7714 | D:9      | Noticed a two-headed ogre
  7824 | D:9      | Found a staircase to the Lair.
  7927 | D:9      | Reached * piety under Qazlal
  8116 | D:9      | Noticed a green ugly thing
  8164 | D:9      | Killed a two-headed ogre
  8297 | D:9      | Noticed a centaur warrior
  8338 | D:9      | Killed a green ugly thing
  8461 | D:9      | Gained mutation: You are partially covered in iridescent
                  | scales. (AC +2) [potion of mutation]
  8461 | D:9      | Lost mutation: You are partially covered in iridescent
                  | scales. (AC +2) [potion of mutation]
  8461 | D:9      | Gained mutation: You are partially covered in large bone
                  | plates. (SH +4) [potion of mutation]
  8461 | D:9      | Gained mutation: You are agile. (Dex +4, Str/Int -1)
                  | [potion of mutation]
  8517 | D:9      | Reached skill level 14 in Shapeshifting
  8606 | D:9      | Noticed a two-headed ogre
  8660 | D:9      | Killed a two-headed ogre
  8904 | D:9      | Found Mesku's Assorted Antiques.
  8910 | D:9      | Bought a scroll of teleportation for 93 gold pieces
  8910 | D:9      | Bought a potion of curing for 93 gold pieces
  8933 | D:9      | Killed a centaur warrior
  9162 | D:9      | Found a burning altar of Makhleb.
  9163 | D:9      | Found a shimmering altar of Xom.
  9202 | D:10     | Entered Level 10 of the Dungeon
  9269 | D:10     | Reached XP level 11. HP: 94/94 MP: 10/10
  9270 | D:10     | Reached ** piety under Qazlal
  9276 | D:10     | Reached skill level 15 in Shapeshifting
  9283 | D:10     | Reached *** piety under Qazlal
  9391 | D:10     | Found a staircase to the Orcish Mines.
  9579 | D:10     | Found a radiant altar of Vehumet.
  9580 | D:10     | Noticed Joseph
  9610 | D:10     | Killed Joseph
  9618 | D:10     | Noticed a two-headed ogre
  9694 | D:10     | Killed a two-headed ogre
  9813 | D:10     | Found Semuelis's Assorted Antiques.
  9814 | D:10     | Found Mugg's Antique Armour Shop.
  9821 | D:10     | Found Rehomidi's Weapon Boutique.
  9821 | D:10     | Found Weiriep's Book Shop.
  9829 | D:10     | Found Muatagh's Book Shop.
  9829 | D:10     | Found Qinifed's Jewellery Boutique.
  9843 | D:10     | Bought a scroll of identify for 62 gold pieces
  9901 | D:10     | Bought a +6 ring of strength for 396 gold pieces
  9932 | D:10     | Noticed Grum
  9941 | D:10     | Noticed a two-headed ogre
  9948 | D:10     | Killed Grum
  9955 | D:10     | Killed a two-headed ogre
  9956 | D:10     | Reached skill level 16 in Shapeshifting
 11132 | Orc:1    | Entered Level 1 of the Orcish Mines
 11148 | Orc:1    | Noticed an orc sorcerer
 11149 | Orc:1    | Noticed an orc warlord
 11194 | Orc:1    | Noticed a sixfirhy
 11236 | Orc:1    | Noticed an orc sorcerer
 11238 | Orc:1    | Killed an orc sorcerer
 11343 | D:10     | Slain by an orc warlord

Illustrated notes

Levels and vault maps discovered:
D:1:      scummos_arrival_simple_crosswalls, layout_rooms,
          nicolae_ecumenical_snake_handling, minmay_pentomino_s2
D:2:      layout_basic, basic_altar, minmay_gold_behind_fungi, st_stairs_5
D:3:      layout_basic, amcnicky_altar_gilded, cheibrodos_sewer_entry_sluice,
          st_stairs_7, kennysheep_generic_room_5
D:4:      layout_basic, mainiacjoe_overflow_brackets, eino_tiny_chamber,
          chequers_serial_rivers_small_b, uniq_grinder, uniq_natasha,
          uniq_edmund
D:5:      layout_layer_cave, uniq_eustachio, uniq_prince_ribbit1
D:6:      layout_basic, uniq_blork_the_orc
D:7:      layout_loops_cross, mainiacjoe_overflow_alcove_4,
          minmay_temple_entry_purple_smoke, serial_demonic, serial_demonic_c,
          serial_demonic_c, serial_demonic_c, serial_demonic_b,
          serial_demonic_e, serial_demonic_d, uniq_pikel, uniq_menkaure,
          uniq_maggie
D:8:      layout_loops_corners
D:9:      cheibrodos_fzero, layout_basic,
          grunt_temple_overflow_champion_of_chaos, dpeg_oklobed_lair,
          serial_shops, shop, lemuel_flame_loot_1
D:10:     layout_small_grid, nicolae_vehumet_radiance, zombieorc2_lemuel,
          nicolae_shop_national_dungeon_mall, uniq_joseph, uniq_grum
D:11:     layout_loops_cross
Temple:   eino_temple_scatter_basement
Orc:1:    dreamdust_wu_jian_sword_trials, layout_diamond_mine

Skill      XL: |  1  2  3  4  5  6  7  8  9 10 11 |
---------------+----------------------------------+-----
Fighting       | 1 2 |  2.3
Dodging        | 2 |  2.8
Throwing       | 1 2 |  2.2
Shapeshifting  | 4 5 7 9 12 14 16 | 16.6
Unarmed Combat | 4 |  4.1

Action                     |  1- 3 |  4- 6 |  7- 9 | 10-12 || total
---------------------------+-------+-------+-------+-------++-------
  Melee: Unarmed           |    70 |   132 |   260 |   309 ||   771
         Punch             |       |       |     4 |     6 ||    10
  Throw: Dart              |       |       |     9 |     4 ||    13
         Boomerang         |       |       |    56 |    23 ||    79
         Throwing net      |       |       |     1 |     1 ||     2
 Invoke: Upheaval          |       |       |       |     1 ||     1
Ability: Begin Untransform |       |     1 |     1 |     1 ||     3
  Evoke: Wand              |       |       |     2 |     7 ||     9
    Use: Scroll            |       |     5 |     6 |    13 ||    24
         Potion            |       |     1 |     2 |     2 ||     5
 Armour: Animal skin       |    70 |    17 |       |       ||    87
         Skin              |       |    23 |       |       ||    23
         Troll leather arm |       |    42 |   214 |    19 ||   275
         Acid dragon scale |       |       |       |   222 ||   222
  Dodge: Dodged            |    48 |    44 |   138 |   300 ||   530
  Block: Other             |       |       |       |    77 ||    77
   Form: Beast             |       |     1 |     1 |     1 ||     3

Table legend: (Time is in decaauts)
 A = Elapsed time spent in this place.
 B = Non-inter-level travel time spent in this place.
 C = Inter-level travel time spent in this place.
 D = Time resting spent in this place.
 E = Time spent auto-exploring this place.
 F = Levels seen in this place.
 G = Mean time per level.
                   A        B        C        D        E       F      G
               +--------+--------+--------+--------+--------+-----+--------+
         Total |  11284 |  10784 |    500 |   1202 |   6854 |  14 |  806.0 |
       Dungeon |  10992 |  10503 |    489 |   1192 |   6743 |  11 |  999.3 |
        Temple |     39 |     29 |     10 |      0 |      0 |   1 |   39.0 |
  Orcish Mines |     20 |     20 |      0 |      0 |      0 |   1 |   20.0 |
         Sewer |    231 |    231 |      0 |     10 |    111 |   1 |  231.0 |
               +--------+--------+--------+--------+--------+-----+--------+

Top non-repeatable levels by time:
     D:9: 1516 daAuts
     D:5: 1268 daAuts
    D:10: 1105 daAuts
     D:7: 1056 daAuts
     D:6: 1021 daAuts
     D:3: 925 daAuts
     D:4: 904 daAuts
    D:11: 894 daAuts
     D:8: 891 daAuts
     D:2: 844 daAuts
     D:1: 563 daAuts
   Sewer: 231 daAuts
  Temple: 39 daAuts
   Orc:1: 20 daAuts
